 Dungeon Crawl Stone Soup version 0.30-a0-879-ga8ba668304 (webtiles) character file.

Game seed: 18024238294545169855

2566 M4edhros the Insei (level 9, -1/62 HPs)
             Began as an Octopode Artificer on Mar 13, 2023.
             Was a Follower of Cheibriados.
             Killed from afar by Maggie (29 damage)
             ... with a bolt of fire
             ... on level 8 of the Dungeon.
             The game lasted 00:08:12 (7504 turns).

M4edhros the Insei (Octopode Artificer)             Turns: 7504, Time: 00:08:12

Health: -1/62      AC:  1    Str: 15    XL:     9   Next: 57%
Magic:  9/9        EV: 17    Int: 16    God:    Cheibriados [*.....]
Gold:   420        SH:  0    Dex: 19    Spells: 4/8 levels left

rFire   . . .      SeeInvis .      - Unarmed
rCold   . . .      Faith    .    (no shield)
rNeg    . . .      Spirit   .    (helmet restricted)
rPois   +          Reflect  .    (no amulet)
rElec   .          Rampage  .    h - ring of poison resistance
rCorr   .                        t - ring of willpower
Will    +....                    (no ring)
Stlth   +++                      (no ring)
HPRegen 0.30/turn                (no ring)
MPRegen 0.11/turn                (no ring)
                                 (no ring)
                                 (no ring)

@: very slow
A: almost no armour, amphibious, 8 rings, camouflage 1, gelatinous body 1,
(nimble swimmer 1), tentacles
a: Renounce Religion, Bend Time


You were on level 8 of the Dungeon.
You worshipped Cheibriados.
Cheibriados was aware of your devotion.
You visited 2 branches of the dungeon, and saw 9 of its levels.

You collected 420 gold pieces.

Inventory:

Jewellery
 h - a ring of poison resistance (left tentacle)
 t - a ring of willpower (right tentacle)
 D - a ring of fire
Wands
 b - a wand of flame (6) (quivered)
 r - a wand of digging (4)
 C - a wand of paralysis (8)
Scrolls
 g - a scroll of enchant armour
 l - 2 scrolls of enchant weapon
 n - 2 scrolls of fear
 o - 2 scrolls of amnesia
 z - a scroll of vulnerability
 E - a scroll of teleportation
Potions
 d - 3 potions of attraction
 k - a potion of berserk rage
 p - a potion of curing
 v - 2 potions of brilliance
 w - 3 potions of mutation
 x - 3 potions of might


   Skills:
 + Level 6.0 Fighting
 + Level 6.4 Dodging
 - Level 1.3 Stealth
 * Level 6.5 Unarmed Combat
 + Level 4.3 Summonings
 + Level 4.4 Air Magic
 - Level 3.2 Evocations


You had 4 spell levels left.
You knew the following spells:

 Your Spells              Type           Power      Damage    Failure   Level
a - Summon Lightning Spi  Summ/Air       14%        N/A       38%         4

Your spell library contained the following spells:

 Spells                   Type           Power      Damage    Failure   Level
 Shock                    Conj/Air       28%        1d4       11%         1
 Kiss of Death            Conj/Necr      0%         2d5       26%         1
 Necrotise                Necr           0%         1d4       26%         1
 Slow                     Hex            0%         N/A       26%         1
 Confusing Touch          Hex            0%         N/A       58%         3
 Dazzling Flash           Conj/Hex       0%         N/A       58%         3
 Ignite Poison            Fire/Tmut/Pois 0%         N/A       58%         3
 Vampiric Draining        Necr           0%         2d6       58%         3
 Iskenderun's Mystic Bla  Conj/Tloc      0%         2d3       94%         4
 Sticky Flame             Conj/Fire      0%         2d3       94%         4
 Starburst                Conj/Fire      0%         6d3       100%        6
 Storm Form               Tmut/Air       3%         N/A       100%        7
 Ignition                 Fire           0%         3d3       100%        8
 Maxwell's Capacitive Co  Air            7%         ∞         100%        8


Dungeon Overview and Level Annotations

Branches:
Dungeon (8/15)             Temple (1/1) D:6
   Lair: D:8-11

Altars:
Ashenzari
Cheibriados
Dithmenos
Elyvilon
Hepliaklqana
Sif Muna
Vehumet
Wu Jian
Xom
Yredelemnul

Annotations:
D:8 Maggie


Innate Abilities, Weirdness & Mutations

You cannot wear most types of armour.
You are amphibious.
You can wear up to eight rings at the same time.
Your skin changes colour to match your surroundings (Stealth+).
Your rubbery body absorbs attacks. (AC +1, EV +1)
((You are camouflaged when in or above water. (Stealth+)))
You have tentacles for arms and can constrict up to eight enemies at once.


Message History

You feel better.
You constrict the bullfrog.
The bullfrog snags a nearby centipede with its tongue.
The bullfrog closely misses you. The bullfrog misses you.
You tentacle-slap the bullfrog. You squeeze the bullfrog!
You kill the bullfrog!
Cheibriados appreciates the change of pace.
You closely miss the orc priest. You grab the orc priest.
You tentacle-slap the orc priest.
The orc priest is moderately wounded.
You constrict the orc priest. You barely miss the orc priest.
You tentacle-slap the orc priest, but do no damage.
The orc priest is heavily wounded.
You constrict the orc priest.
The orc priest hits you with a +0 short sword.
You tentacle-slap the orc priest.
You squeeze the orc priest, but do no damage.
The orc priest is almost dead.
You constrict the orc priest.
You kill the orc priest!
Cheibriados appreciates the change of pace.
Your Fighting skill increases to level 6!
You bludgeon the orc!
You kill the orc!
Cheibriados thoroughly appreciates the change of pace.
Items here: )) [ ††.
Items here: )) [ ††.
Unknown command.
Maggie is nearby!
Maggie is nearby!
Maggie shouts!
The centaur shouts!
The centaur wields a +0 shortbow.
The centaur shoots an arrow.
The arrow hits you!
The centaur shoots an arrow.
The arrow hits you!
You hear an angry buzzing noise. x2
The centaur shoots an arrow.
The arrow closely misses you.
There is a stone staircase leading up here.
The centaur shoots an arrow.
The arrow completely misses you. Maggie gestures at you while chanting.
The bolt of fire hits you!!
You die...

.##....
..y....
..#.(#.
.......
c#.....
##..... #...#
#####..###
#....@...##.
#........@...
#........##..
#..<.........
#........###
#.[......#
###.....##
###.#.....
#.######


You could see Maggie, a centaur and a killer bee.

Vanquished Creatures
  Grinder (D:5)
  Duvessa (D:7)
  4 water moccasins
  An ice beast (D:5)
  A sky beast (D:7)
  2 orc warriors
  A black bear (D:6)
  3 ogres
  A centaur (D:7)
  Blork the orc (D:5)
  A bullfrog (D:8)
  A scorpion (D:5)
  Dowan (D:7)
  2 jellies
  3 hounds
  6 orc priests
  Ijyb (D:5)
  A gnoll bouda (D:8)
  A sleepcap (D:7)
  3 iguanas
  3 orc wizards
  3 hell rats (D:8)
  4 gnolls (D:8)
  A river rat (D:8)
  8 adders
  A white imp (D:5)
  A worm (D:2)
  A dart slug (D:1)
  26 orcs
  9 endoplasms
  2 giant cockroaches (D:4)
  6 goblins
  4 hobgoblins
  5 jackals
  2 quokkas
  2 ball pythons
  4 bats
  2 kobolds (D:2)
  3 rats
123 creatures vanquished.

Vanquished Creatures (collateral kills)
  An orc priest (D:6)
  A jelly (D:5)
  An orc wizard (D:6)
  3 gnolls (D:5)
  4 orcs
10 creatures vanquished.

Grand Total: 133 creatures vanquished

Notes
Turn   | Place    | Note
-------+----------+-------------------------------------------
     0 | D:1      | M4edhros the Octopode Artificer began the quest for the
                  | Orb.
     0 | D:1      | Reached XP level 1. HP: 13/13 MP: 1/1
   127 | D:2      | Reached XP level 2. HP: 15/19 MP: 2/2
   174 | D:2      | Reached XP level 3. HP: 21/24 MP: 3/3
   341 | D:2      | Got Starting the Rites and Rhymes
   363 | D:2      | Reached XP level 4. HP: 15/30 MP: 4/4
   815 | D:4      | Reached XP level 5. HP: 20/36 MP: 5/5
  1147 | D:4      | Found a hazy altar of Hepliaklqana.
  1278 | D:4      | Learned a level 4 spell: Summon Lightning Spire
  1642 | D:5      | Entered Level 5 of the Dungeon
  1644 | D:5      | Noticed an ogre
  1658 | D:5      | Reached XP level 6. HP: 43/43 MP: 6/6
  1660 | D:5      | Reached skill level 1 in Unarmed Combat
  1672 | D:5      | Reached skill level 1 in Summonings
  1672 | D:5      | Reached skill level 1 in Air Magic
  1768 | D:5      | Noticed Blork the orc
  1780 | D:5      | Killed Blork the orc
  1781 | D:5      | Reached XP level 7. HP: 22/48 MP: 7/7
  1976 | D:5      | Reached skill level 5 in Dodging
  1991 | D:5      | Noticed Ijyb
  1992 | D:5      | Found a basalt altar of Yredelemnul.
  2008 | D:5      | Killed Ijyb
  2099 | D:5      | Noticed Grinder
  2101 | D:5      | Paralysed by Grinder for 4 turns
  2114 | D:5      | Paralysed by Grinder for 3 turns
  2118 | D:5      | Killed Grinder
  2302 | D:5      | Reached XP level 8. HP: 54/54 MP: 8/8
  3030 | D:6      | Found a shimmering blue altar of Sif Muna.
  3058 | D:6      | Reached skill level 5 in Fighting
  3137 | D:6      | Found a shadowy altar of Dithmenos.
  3387 | D:6      | Found a white marble altar of Elyvilon.
  3455 | D:6      | Found a staircase to the Ecumenical Temple.
  3564 | D:6      | Found a shimmering altar of Xom.
  3684 | Temple   | Entered the Ecumenical Temple
  3734 | Temple   | Became a worshipper of Cheibriados the Contemplative
  4843 | D:2      | Found a faded altar of an unknown god.
  5996 | D:7      | Reached skill level 5 in Unarmed Combat
  6168 | D:7      | Found a radiant altar of Vehumet.
  6200 | D:7      | Noticed Dowan
  6202 | D:7      | Noticed Duvessa
  6216 | D:7      | Killed Duvessa
  6396 | D:7      | Killed Dowan
  6435 | D:7      | Reached XP level 9. HP: 48/61 MP: 9/9
  6697 | D:7      | Reached * piety under Cheibriados
  7320 | D:8      | Noticed Maggie
  7385 | D:8      | Noticed a death yak
  7390 | D:8      | Noticed a death yak
  7394 | D:8      | Noticed a death yak
  7504 | D:8      | Killed from afar by Maggie

Illustrated notes

Levels and vault maps discovered:
D:1:      psy_arrival_fountain, layout_basic, minmay_strange_pillars
D:2:      layout_rooms, shapermc_ecumenical_altar_ellora, minmay_hedge_maze,
          grunt_ministairs_15
D:3:      layout_basic
D:4:      layout_loops_ring, nzn_hepliaklqana_mist_gate,
          chequers_serial_rivers_room_a
D:5:      layout_basic, mainiacjoe_overflow_tiny_flanked, uniq_grinder,
          uniq_blork_the_orc, uniq_ijyb
D:6:      layout_rooms, kennysheep_mini_moat,
          mainiacjoe_overflow_catwalk_spiral, elyvilon_altar_4,
          minmay_temple_entry_poolview
D:7:      layout_basic, nicolae_vehumet_altar_sigil, uniq_duvessa
D:8:      layout_rooms, chequers_temple_overflow_statue_of_worship,
          nemelex_spade_bored_becter, dpeg_lair_monsters, uniq_maggie, uniq_grum
Temple:   minmay_temple_curvy_loop

Skill      XL: |  1  2  3  4  5  6  7  8  9 |
---------------+----------------------------+-----
Fighting       | 2 3 4 5 6 |  6.0
Dodging        | 3 4 5 6 |  6.4
Unarmed Combat | 2 3 5 6 |  6.5
Summonings     | 1 2 3 4 |  4.3
Air Magic      | 1 2 3 4 |  4.4
Stealth        | |  1.3
Evocations     | |  3.2

Action                     |  1- 3 |  4- 6 |  7- 9 || total
---------------------------+-------+-------+-------++-------
  Melee: Unarmed           |    58 |    74 |   216 ||   348
         Tentacles         |    18 |    21 |    70 ||   109
         Constrict         |    13 |    19 |    42 ||    74
         Punch             |     1 |     1 |    11 ||    13
  Evoke: Wand              |       |    10 |    38 ||    48
    Use: Potion            |       |       |    10 ||    10
         Scroll            |       |       |    18 ||    18
   Stab: Sleeping          |       |    10 |    15 ||    25
         Betrayed ally     |       |     1 |       ||     1
         Invisible         |       |       |     2 ||     2
 Armour: Skin              |     2 |     4 |     7 ||    13
  Dodge: Dodged            |    40 |    38 |   131 ||   209

Table legend: (Time is in decaauts)
 A = Elapsed time spent in this place.
 B = Non-inter-level travel time spent in this place.
 C = Inter-level travel time spent in this place.
 D = Time resting spent in this place.
 E = Time spent auto-exploring this place.
 F = Levels seen in this place.
 G = Mean time per level.
                   A        B        C        D        E       F      G
               +--------+--------+--------+--------+--------+-----+--------+
         Total |   8387 |   7575 |    812 |     37 |   6263 |   9 |  931.9 |
       Dungeon |   8313 |   7524 |    789 |     37 |   6229 |   8 | 1039.1 |
        Temple |     73 |     50 |     23 |      0 |     34 |   1 |   73.0 |
               +--------+--------+--------+--------+--------+-----+--------+

Top non-repeatable levels by time:
     D:7: 1608 daAuts
     D:5: 1281 daAuts
     D:1: 1122 daAuts
     D:2: 1103 daAuts
     D:4: 1102 daAuts
     D:3: 999 daAuts
     D:6: 952 daAuts
     D:8: 142 daAuts
  Temple: 73 daAuts
